3A
DELAWARE 1787 BC @ PROVO MANGO
08/18/2024
 
TOP OF THE 1ST
Delaware 1787 BC batting - Pitching for Provo Mango : RHP Javier Mena
Pitching: RHP Javier Mena
Batting: RHB Nobuhiko Nakayama 0-0: Swinging Strike
0-1: Fly out, F6 (Popup, 6M)
Batting: LHB Ward Wilberfoss 0-0: Swinging Strike
0-1: Ball
1-1: Swinging Strike
1-2: Ball
2-2: Strikes out swinging
Batting: RHB Felipe Bruno 0-0: Ball
1-0: Ball
2-0: Ball
3-0: Called Strike
3-1: Ground out 4-3 (Groundball, 4M)
Top of the 1st over - 0 run(s), 0 hit(s), 0 error(s), 0 left on base; Delaware 0 - Provo 0
BOTTOM OF THE 1ST
Provo Mango batting - Pitching for Delaware 1787 BC : RHP António Rodríguez
Pitching: RHP António Rodríguez
Batting: SHB Jesús Herrera 0-0: Ball
1-0: Ball
2-0: Ground out 6-3 (Groundball, 6)
Batting: RHB António Quiñones 0-0: Ball
1-0: Ball
2-0: Called Strike
2-1: Foul Ball, location: 2F
2-2: Ball
3-2: Strikes out swinging
Batting: RHB Frank Grimes 0-0: SINGLE (Flyball, 78S)
Batting: RHB Álex Cordero 0-0: Ball
1-0: Ball
2-0: Ball
3-0: Called Strike
3-1: Called Strike
3-2: Foul Ball, location: 2F
3-2: SINGLE (Line Drive, 4M)
Frank Grimes to second
Frank Grimes to third
Batting: RHB Mauro Longoria 0-0: Ball
1-0: Swinging Strike
1-1: Ball
2-1: Ball
3-1: Base on Balls
Álex Cordero to second
Batting: RHB António Marquis 0-0: Swinging Strike
0-1: Called Strike
0-2: Fly out, F8 (Flyball, 8LM)
Bottom of the 1st over - 0 run(s), 2 hit(s), 0 error(s), 3 left on base; Delaware 0 - Provo 0
TOP OF THE 2ND
Delaware 1787 BC batting - Pitching for Provo Mango : RHP Javier Mena
Batting: RHB Gianpaolo Monachino 0-0: Called Strike
0-1: Swinging Strike
0-2: Ball
1-2: DOUBLE (Line Drive, 5D)
Batting: RHB Cristián Alfonso 0-0: Ball
1-0: Ball
2-0: Ball
3-0: Called Strike
3-1: Base on Balls
Batting: RHB Gilberto Rodríguez 0-0: Fly out, F7 (Flyball, 7LS)
Batting: RHB Nelson Torez 0-0: Ball
1-0: Ball
2-0: Ball
3-0: Called Strike
3-1: Swinging Strike
3-2: Strikes out swinging
Batting: RHB Jorge Figueroa 0-0: DOUBLE (Line Drive, 7M)
Gianpaolo Monachino scores
Cristián Alfonso to third
Runner from 3rd tries for Home, SAFE, no throw or cutoff
Batting: RHB Thurman Blumer 0-0: SINGLE (Flyball, 89S)
Jorge Figueroa to third
Runner from 3rd tries for Home, SAFE, no throw or cutoff
Batting: RHB Nobuhiko Nakayama 0-0: SINGLE (Popup, 78S)
Thurman Blumer to second
Runner from 2nd tries for 3rd, SAFE, no throw or cutoff
Batting: LHB Ward Wilberfoss 0-0: Ground out 5-3 (Groundball, 56S)
Top of the 2nd over - 3 run(s), 4 hit(s), 0 error(s), 2 left on base; Delaware 3 - Provo 0
BOTTOM OF THE 2ND
Provo Mango batting - Pitching for Delaware 1787 BC : RHP António Rodríguez
Batting: RHB Salvador Bueno 0-0: Ball
1-0: Called Strike
1-1: Fly out, F3 (Popup, 3F)
Batting: SHB Salvador Salinas 0-0: Swinging Strike
0-1: Fly out, F8 (Flyball, 8RM)
Batting: RHB Lionel McCloud 0-0: Swinging Strike
0-1: Foul Ball, location: 2F
0-2: Strikes out swinging
Bottom of the 2nd over - 0 run(s), 0 hit(s), 0 error(s), 0 left on base; Delaware 3 - Provo 0
TOP OF THE 3RD
Delaware 1787 BC batting - Pitching for Provo Mango : RHP Javier Mena
Batting: RHB Felipe Bruno 0-0: Foul Ball, location: 2F
0-1: Ball
1-1: Ball
2-1: Foul Ball, location: 2F
2-2: Strikes out swinging
Batting: RHB Gianpaolo Monachino 0-0: Called Strike
0-1: Ground out 6-3 (Groundball, 6)
Batting: RHB Cristián Alfonso 0-0: Ball
1-0: Swinging Strike
1-1: Swinging Strike
1-2: Ball
2-2: Ball
3-2: Ground out 6-3 (Groundball, 6M)
Top of the 3rd over - 0 run(s), 0 hit(s), 0 error(s), 0 left on base; Delaware 3 - Provo 0
BOTTOM OF THE 3RD
Provo Mango batting - Pitching for Delaware 1787 BC : RHP António Rodríguez
Batting: SHB Jesús Herrera 0-0: Ball
1-0: Ball
2-0: Called Strike
2-1: Bunted foul
2-2: Strikes out swinging
Batting: RHB António Quiñones 0-0: Called Strike
0-1: Ball
1-1: Ball
2-1: Foul Ball, location: 2F
2-2: Ground out 4-3 (Groundball, 4)
Batting: RHB Frank Grimes 0-0: Called Strike
0-1: Foul Ball, location: 2F
0-2: Strikes out swinging
Bottom of the 3rd over - 0 run(s), 0 hit(s), 0 error(s), 0 left on base; Delaware 3 - Provo 0
TOP OF THE 4TH
Delaware 1787 BC batting - Pitching for Provo Mango : RHP Javier Mena
Batting: RHB Gilberto Rodríguez 0-0: DOUBLE (Line Drive, 7LS)
Batting: RHB Nelson Torez 0-0: Ball
1-0: Ground out 5-3 (Groundball, 56)
Batting: RHB Jorge Figueroa 0-0: Called Strike
0-1: Ball
1-1: Foul Ball, location: 2F
1-2: Ball
2-2: Ball
3-2: Base on Balls
Batting: RHB Thurman Blumer 0-0: Called Strike
0-1: SINGLE (Groundball, 56D)
Gilberto Rodríguez to third
Jorge Figueroa to second
Batting: RHB Nobuhiko Nakayama 0-0: Ball
1-0: Fly out, F4 (Line Drive, 4D)
Batting: LHB Ward Wilberfoss 0-0: Ball
1-0: Foul Ball, location: 2F
1-1: Fly out, F7 (Flyball, 7M)
Top of the 4th over - 0 run(s), 2 hit(s), 0 error(s), 3 left on base; Delaware 3 - Provo 0
BOTTOM OF THE 4TH
Provo Mango batting - Pitching for Delaware 1787 BC : RHP António Rodríguez
Batting: RHB Álex Cordero 0-0: Ball
1-0: Foul Ball, location: 2F
1-1: Ball
2-1: Called Strike
2-2: Ball
3-2: Foul Ball, location: 2F
3-2: Strikes out looking
Batting: RHB Mauro Longoria 0-0: Ball
1-0: Ground out 6-3 (Groundball, 6)
Batting: RHB António Marquis 0-0: Ball
1-0: Ball
2-0: Ground out 6-3 (Groundball, 6M)
Bottom of the 4th over - 0 run(s), 0 hit(s), 0 error(s), 0 left on base; Delaware 3 - Provo 0
TOP OF THE 5TH
Delaware 1787 BC batting - Pitching for Provo Mango : RHP Javier Mena
Batting: RHB Felipe Bruno 0-0: Called Strike
0-1: Swinging Strike
0-2: Foul Ball, location: 2F
0-2: Ball
1-2: Strikes out swinging
Batting: RHB Gianpaolo Monachino 0-0: Fly out, F6 (Popup, 6M)
Batting: RHB Cristián Alfonso 0-0: Ball
1-0: Ball
2-0: Ball
3-0: Base on Balls
Pitching: RHP Ángel López
Batting: RHB Gilberto Rodríguez 0-0: Called Strike
0-1: Swinging Strike
0-2: Ball
1-2: Foul Ball, location: 2F
Pickoff Throw to First - Out!
Top of the 5th over - 0 run(s), 0 hit(s), 0 error(s), 0 left on base; Delaware 3 - Provo 0
BOTTOM OF THE 5TH
Provo Mango batting - Pitching for Delaware 1787 BC : RHP António Rodríguez
Batting: RHB Salvador Bueno 0-0: Ball
1-0: Called Strike
1-1: Fly out, F4 (Popup, 4M)
Batting: SHB Salvador Salinas 0-0: Ground out U3 (Groundball, 3S)
Batting: RHB Lionel McCloud 0-0: Foul Ball, location: 2F
0-1: Ball
1-1: Swinging Strike
1-2: Ball
2-2: Foul Ball, location: 2F
2-2: Ball
3-2: Strikes out swinging
Bottom of the 5th over - 0 run(s), 0 hit(s), 0 error(s), 0 left on base; Delaware 3 - Provo 0
TOP OF THE 6TH
Delaware 1787 BC batting - Pitching for Provo Mango : RHP Ángel López
Batting: RHB Gilberto Rodríguez 0-0: Ball
1-0: Ball
2-0: Ball
3-0: Called Strike
3-1: SINGLE (Line Drive, 6M)
Batting: RHB Nelson Torez 0-0: Ball
1-0: Ball
2-0: Sac Bunt - play at first, batter OUT! U3
Gilberto Rodríguez to second
Batting: RHB Jorge Figueroa 0-0: Intentional Walk
Batting: RHB Thurman Blumer 0-0: Ball
1-0: Grounds into double play, 6-4-3 (Groundball, 6)
Top of the 6th over - 0 run(s), 1 hit(s), 0 error(s), 1 left on base; Delaware 3 - Provo 0
BOTTOM OF THE 6TH
Provo Mango batting - Pitching for Delaware 1787 BC : RHP António Rodríguez
Batting: SHB Jesús Herrera 0-0: Foul Ball, location: 2F
0-1: Ball
1-1: Swinging Strike
1-2: Ball
2-2: SINGLE (Line Drive, 89M)
Batting: RHB António Quiñones 0-0: Sac Bunt - play at first, batter OUT! 5-4
Jesús Herrera to second
Batting: RHB Frank Grimes 0-0: Foul Ball, location: 2F
0-1: Ball
1-1: SINGLE (Flyball, 9LS)
Jesús Herrera to third
Runner from 3rd tries for Home, SAFE, no throw or cutoff
Batting: RHB Álex Cordero 0-0: Ball
1-0: Swinging Strike
1-1: Ball
2-1: Called Strike
Frank Grimes is caught stealing 2nd base
2-2: Ball
3-2: Fly out, F8 (Flyball, 8LM)
Bottom of the 6th over - 1 run(s), 2 hit(s), 0 error(s), 0 left on base; Delaware 3 - Provo 1
TOP OF THE 7TH
Delaware 1787 BC batting - Pitching for Provo Mango : RHP Ángel López
Batting: RHB Nobuhiko Nakayama 0-0: Foul Ball, location: 2F
0-1: Ball
1-1: Ball
2-1: Foul Ball, location: 2F
2-2: Ball
3-2: Foul Ball, location: 2F
3-2: Strikes out looking
Batting: LHB Ward Wilberfoss 0-0: Ball
1-0: Called Strike
1-1: Ground out 1-3 (Groundball, 13)
Batting: RHB Felipe Bruno 0-0: Ball
1-0: Ground out 5-3 (Groundball, 5S)
Top of the 7th over - 0 run(s), 0 hit(s), 0 error(s), 0 left on base; Delaware 3 - Provo 1
BOTTOM OF THE 7TH
Provo Mango batting - Pitching for Delaware 1787 BC : RHP António Rodríguez
Batting: RHB Mauro Longoria 0-0: Ball
1-0: Swinging Strike
1-1: Called Strike
1-2: Foul Ball, location: 2F
1-2: Ball
2-2: Fly out, F4 (Popup, 4)
Batting: RHB António Marquis 0-0: Ball
1-0: Ball
2-0: Foul Ball, location: 2F
2-1: SINGLE (Line Drive, 4M)
Batting: RHB Salvador Bueno 0-0: Ball
1-0: Foul Ball, location: 2F
1-1: Ball
2-1: Ball
3-1: Fly out, F7 (Line Drive, 78M)
Pitching: RHP Jim Unknown
Batting: SHB Salvador Salinas 0-0: Foul Ball, location: 2F
0-1: Swinging Strike
0-2: Ball
1-2: SINGLE (Line Drive, 3D)
António Marquis to second
Pinch Hitting: LHB Jim Unknown 0-0: Called Strike
0-1: Fly out, F2 (Popup, 2LF)
Bottom of the 7th over - 0 run(s), 2 hit(s), 0 error(s), 2 left on base; Delaware 3 - Provo 1
TOP OF THE 8TH
Delaware 1787 BC batting - Pitching for Provo Mango : RHP Ángel López
Now in RF: Jim Unknown
Batting: RHB Gianpaolo Monachino 0-0: Ball
1-0: Ball
2-0: Ball
3-0: Base on Balls
Batting: RHB Cristián Alfonso 0-0: Ball
1-0: Fly out, F6 (Popup, 5D)
Batting: RHB Gilberto Rodríguez 0-0: Ball
Gianpaolo Monachino steals 2nd base
1-0: Foul Ball, location: 2F
1-1: Ball
2-1: Fly out, F5 (Popup, 5F)
Batting: RHB Nelson Torez 0-0: Intentional Walk
Pitching: LHP Jim Unknown
Pinch Hitting: RHB Lou Faucett 0-0: Called Strike
0-1: Ball
1-1: Ball
2-1: Called Strike
2-2: Foul Ball, location: 2F
2-2: Ball
3-2: Strikes out swinging
Top of the 8th over - 0 run(s), 0 hit(s), 0 error(s), 2 left on base; Delaware 3 - Provo 1
BOTTOM OF THE 8TH
Provo Mango batting - Pitching for Delaware 1787 BC : RHP Jim Unknown
Now at SS: Luchino Salimbeni
Batting: SHB Jesús Herrera 0-0: Called Strike
0-1: Foul Ball, location: 2F
0-2: Fly out, F8 (Flyball, 8LM)
Batting: RHB António Quiñones 0-0: Called Strike
0-1: Called Strike
0-2: Strikes out looking
Batting: RHB Frank Grimes 0-0: Ball
1-0: Ball
2-0: Fly out, F4 (Popup, 34D)
Bottom of the 8th over - 0 run(s), 0 hit(s), 0 error(s), 0 left on base; Delaware 3 - Provo 1
TOP OF THE 9TH
Delaware 1787 BC batting - Pitching for Provo Mango : LHP Jim Unknown
Batting: RHB Thurman Blumer 0-0: Foul Ball, location: 2F
0-1: Swinging Strike
0-2: Ball
1-2: Foul Ball, location: 2F
1-2: Ball
2-2: Strikes out swinging
Batting: RHB Nobuhiko Nakayama 0-0: Ball
1-0: Ball
2-0: Called Strike
2-1: Fly out, F9 (Flyball, 9S)
Batting: LHB Ward Wilberfoss 0-0: Swinging Strike
0-1: Ball
1-1: Swinging Strike
1-2: Strikes out looking
Top of the 9th over - 0 run(s), 0 hit(s), 0 error(s), 0 left on base; Delaware 3 - Provo 1
BOTTOM OF THE 9TH
Provo Mango batting - Pitching for Delaware 1787 BC : RHP Jim Unknown
Pitching: LHP Brian Brewer
Batting: RHB Álex Cordero 0-0: Fly out, F8 (Flyball, 8LM)
Batting: RHB Mauro Longoria 0-0: Swinging Strike
0-1: Ball
1-1: Foul Ball, location: 2F
1-2: Foul Ball, location: 2F
1-2: SINGLE (Flyball, 7LM)
Pinch Hitting: RHB Juan Morales 0-0: Ball
1-0: Called Strike
1-1: Ball
2-1: Ball
3-1: Base on Balls
Mauro Longoria to second
Pinch Hitting: RHB Ramón Hernández 0-0: Swinging Strike
0-1: Foul Ball, location: 2F
0-2: Ball
1-2: Grounds into double play, 5-4-3 (Groundball, 5)
Bottom of the 9th over - 0 run(s), 1 hit(s), 0 error(s), 1 left on base; Delaware 3 - Provo 1
This league is powered by Out of the Park Baseball, the baseball management simulation game for PC, Mac and Linux
Monday, October 3rd, 2016 - OOTP Baseball 16.9 Build 39